 Dungeon Crawl Stone Soup version 0.30-b1-2-g02819fbbbe (webtiles) character file.

Game seed: 11367439353638504841

1506 Keeldawg the Cleaver (level 8, -2/105 HPs)
             Began as a Minotaur Berserker on May 17, 2023.
             Was a Priest of Trog.
             Slain by a steam dragon (3 damage)
             ... on level 6 of the Dungeon.
             The game lasted 00:07:09 (3857 turns).

Keeldawg the Cleaver (Minotaur Berserker)           Turns: 3857, Time: 00:07:10

Health: -2/105     AC:  7    Str: 23    XL:     8   Next: 52%
Magic:  7/7        EV: 11    Int:  4    God:    Trog [***...]
Gold:   268        SH:  0    Dex: 11    Spells: 7/7 levels left

rFire   . . .        A - +0 battleaxe
rCold   . . .        (shield currently unavailable)
rNeg    . . .        o - +0 ring mail
rPois   .            (helmet restricted)
rElec   .            (no cloak)
rCorr   .            h - +0 pair of gloves
SInv    .            (no boots)
Will    .....        (no amulet) Stlth
                     t - +4 ring of slaying
HPRegen 0.37/turn    (no ring)
MPRegen 0.10/turn

%: no passive effects
@: berserking, very quick
A: horns 2, retaliatory headbutt
a: Renounce Religion, Berserk, Trog's Hand


You were on level 6 of the Dungeon.
You worshipped Trog.
Trog was most pleased with you.
You visited 1 branch of the dungeon, and saw 6 of its levels.

You collected 268 gold pieces.

Inventory:

Hand Weapons
 a - a +0 hand axe
 A - a +0 battleaxe (weapon)
Armour
 h - a +0 pair of gloves (worn)
 o - a +0 ring mail (worn)
Jewellery
 t - a +4 ring of slaying (left hand)
Wands
 y - a wand of flame (46)
Scrolls
 b - a scroll of fog {unknown}
 c - 3 scrolls of teleportation {unknown}
 d - a scroll of magic mapping {unknown}
 f - 2 scrolls of identify {unknown}
 i - a scroll of amnesia {unknown}
 j - 2 scrolls of poison {unknown}
 l - 3 scrolls of blinking {unknown}
 n - a scroll of fear {unknown}
 r - 2 scrolls of immolation {unknown}
 s - a scroll of enchant armour {unknown}
 w - a scroll of enchant weapon {unknown}
 x - 2 scrolls of vulnerability {unknown}
Potions
 e - 2 potions of might {unknown}
 g - a potion of heal wounds {unknown}
 k - 3 potions of curing {unknown}
 m - 2 potions of flight {unknown}
 p - a potion of lignification {unknown}
 q - 3 potions of attraction {unknown}
 u - a potion of degeneration {unknown}
 v - a potion of berserk rage {unknown}
 z - a potion of mutation {unknown}
 B - a potion of haste {unknown}


   Skills:
 + Level 6.1 Fighting
 * Level 10.1 Axes
 * Level 7.2 Armour
 - Level 2.1 Dodging
 + Level 0.7 Stealth


You had 7 spell levels left.
You didn't know any spells.
Your spell library was empty.

Dungeon Overview and Level Annotations

Branches:
Dungeon (6/15)             Temple (0/1) D:5

Altars:
Cheibriados
Nemelex Xobeh
Uskayaw
Wu Jian


Innate Abilities, Weirdness & Mutations

You have a pair of horns on your head.
You reflexively headbutt those who attack you in melee.


Message History

You are too injured to fight recklessly!
You are too injured to fight recklessly!
You hit the steam dragon. You headbutt the steam dragon.
The steam dragon is lightly wounded.
You are engulfed in a cloud of scalding steam.
You recover from your berserk rage.
The steam dragon bites you but does no damage.
The steam dragon closely misses you.
You closely miss the steam dragon.
The steam dragon is lightly wounded.
The steam dragon bites you! The steam dragon claws you.
You hit the steam dragon but do no damage.
Your headbutt misses the steam dragon.
The steam dragon is lightly wounded.
The steam dragon bites you!
* * * LOW HITPOINT WARNING * * *
The steam dragon claws you.
* * * LOW HITPOINT WARNING * * *
A red film seems to cover your vision as you go berserk!
You feel yourself moving faster!
You feel mighty! The steam dragon bites you.
* * * LOW HITPOINT WARNING * * *
The steam dragon claws you but does no damage.
You slice the steam dragon!!
The steam dragon is almost dead.
The steam dragon breathes steam at you. The ball of steam misses you.
You barely miss the steam dragon.
The steam dragon is almost dead.
You are engulfed in a cloud of scalding steam.
* * * LOW HITPOINT WARNING * * *
The steam dragon bites you but does no damage.
The steam dragon closely misses you.
You closely miss the steam dragon. Your headbutt misses the steam dragon.
The steam dragon is almost dead.
You are engulfed in a cloud of scalding steam.
* * * LOW HITPOINT WARNING * * *
The steam dragon bites you!
* * * LOW HITPOINT WARNING * * *
The steam dragon claws you.
You die...

##### #...# #. #.#.#
....# ...####.#§# .....#
........§.# #.....#
.......@..# #.....#
...###D...###.....######
#............##....
######....))......##....
.........)....#### #....
#####.........# #....
#..)......######....
#>..................
#..#....##.#####....


You could see a steam dragon (catching breath).

Vanquished Creatures
  A wyvern (D:5)
  A water moccasin (D:6)
  Duvessa (D:6)
  An ice beast (D:6)
  An orc warrior (D:6)
  A centaur (D:5)
  An ogre (D:6)
  A phantom (D:4)
  A bullfrog (D:6)
  3 scorpions (D:5)
  Dowan (D:6)
  A jelly (D:4)
  2 hounds
  A sleepcap (D:6)
  3 iguanas
  2 orc wizards (D:6)
  4 gnolls (D:6)
  9 adders
  2 white imps
  2 worms
  2 dart slugs
  8 orcs
  9 endoplasms
  A giant cockroach (D:1)
  6 goblins
  9 hobgoblins
  3 quokkas
  2 ball pythons
  5 bats
  5 frilled lizards
  4 kobolds
  7 rats
100 creatures vanquished.

Notes
Turn   | Place    | Note
-------+----------+-------------------------------------------
     0 | D:1      | Keeldawg the Minotaur Berserker began the quest for the
                  | Orb.
     0 | D:1      | Reached XP level 1. HP: 19/19 MP: 0/0
    49 | D:1      | Found a faded altar of an unknown god.
   114 | D:1      | Reached skill level 4 in Axes
   146 | D:1      | Reached XP level 2. HP: 27/27 MP: 1/1
   703 | D:2      | Reached ** piety under Trog
   704 | D:2      | Reached XP level 3. HP: 33/33 MP: 2/2
  1057 | D:3      | Reached skill level 5 in Axes
  1146 | D:3      | Found an ornate altar of the Wu Jian Council.
  1169 | D:3      | Found a sparkling altar of Nemelex Xobeh.
  1235 | D:3      | Reached XP level 4. HP: 34/40 MP: 3/3
  1963 | D:4      | Found a snail-covered altar of Cheibriados.
  2060 | D:4      | Noticed a phantom
  2071 | D:4      | Killed a phantom
  2072 | D:4      | Reached skill level 6 in Axes
  2072 | D:4      | Reached XP level 5. HP: 44/47 MP: 4/4
  2408 | D:5      | Entered Level 5 of the Dungeon
  2509 | D:5      | Found a hide-covered altar of Uskayaw.
  2518 | D:5      | Reached XP level 6. HP: 55/55 MP: 5/5
  2538 | D:5      | Reached skill level 5 in Fighting
  2538 | D:5      | Reached skill level 7 in Axes
  2768 | D:5      | Found a staircase to the Ecumenical Temple.
  2863 | D:5      | Noticed a wyvern
  2867 | D:5      | Killed a wyvern
  2868 | D:5      | Reached skill level 5 in Armour
  2868 | D:5      | Reached XP level 7. HP: 61/61 MP: 6/6
  2933 | D:5      | Reached skill level 8 in Axes
  3383 | D:6      | Reached *** piety under Trog
  3564 | D:6      | Reached skill level 9 in Axes
  3564 | D:6      | Reached XP level 8. HP: 51/70 MP: 7/7
  3798 | D:6      | Noticed Duvessa
  3802 | D:6      | Noticed Dowan
  3805 | D:6      | Killed Duvessa
  3808 | D:6      | Reached skill level 10 in Axes
  3815 | D:6      | Killed Dowan
  3857 | D:6      | HP: 1/105 [steam dragon (8)]
  3857 | D:6      | Slain by a steam dragon

Illustrated notes

Levels and vault maps discovered:
D:1:      mushboom_english_gardens, layout_rooms,
          ebering_ecumenical_altar_sacrificial, interstate_on_off, hex_tiny,
          dreamdust_mushroom_princess
D:2:      layout_rooms, glass_columns_a
D:3:      layout_loops_ring, nicolae_overflow_squiral
D:4:      layout_rooms, kennysheep_slug_shrine
D:5:      layout_loops_ring, nicolae_uskayaw_murder_on_the_dancefloor,
          temple_pool_b
D:6:      layout_basic, uniq_duvessa

Skill      XL: |  1  2  3  4  5  6  7  8 |
---------------+-------------------------+-----
Axes           | 4 5 6 7 9 10 | 10.1
Fighting       | 4 5 6 |  6.1
Armour         | 3 5 6 7 |  7.2
Dodging        | |  2.1
Stealth        | |  0.7

Action                     |  1- 3 |  4- 6 |  7- 9 || total
---------------------------+-------+-------+-------++-------
  Melee: Hand axe          |   108 |    77 |    34 ||   219
         Headbutt          |    18 |    12 |    16 ||    46
         Punch             |       |     2 |       ||     2
         Battleaxe         |       |       |    29 ||    29
 Invoke: Berserk           |       |     1 |     3 ||     4
         Trog's Hand       |       |       |     1 ||     1
 Armour: Animal skin       |    30 |       |       ||    30
         Ring mail         |     7 |    16 |    19 ||    42
  Dodge: Dodged            |    69 |    40 |    37 ||   146
